 Dungeon Crawl Stone Soup version 0.19.5 (webtiles) character file.

67 Scud the Sneak (level 4, -7/23 HPs)
             Began as a Vine Stalker Assassin on Mar 14, 2017.
             Mangled by tognito's ghost (12 damage)
             ... on level 3 of the Dungeon.
             The game lasted 00:12:33 (2118 turns).

Scud the Sneak (Vine Stalker Assassin)              Turns: 2118, Time: 00:12:33

Health: -7/23      AC:  3    Str: 14    XL:     4   Next: 18%
Magic:  0/5        EV: 12    Int: 11    God:
Gold:   160        SH:  0    Dex: 16    Spells: 0 memorised, 3 levels left

rFire  . . .     SeeInvis .     i - +2 dagger (holy)
rCold  . . .     Gourm    .     c - +0 robe
rNeg   . . .     Faith    .     (no shield)
rPois  .         Spirit   +     (no helmet)
rElec  .         Reflect  .     d - +0 cloak
rCorr  .         Harm     .     (no gloves)
MR     .....                    (no boots)
Stlth  +++.......               (no amulet)
                                (no ring)
                                (no ring)

@: no status effects
A: fangs 2, regeneration 1, magic shield, antimagic bite, no device heal 3, rot
immunity
a: no special abilities


You were on level 3 of the Dungeon.
You were not hungry.

You visited 1 branch of the dungeon, and saw 3 of its levels.

You collected 160 gold pieces.

Inventory:

Hand Weapons
 a - a +2 dagger
 b - a +0 blowgun
 i - a +2 dagger of holy wrath (weapon)
Missiles
 e - 28 poisoned needles
 f - a curare-tipped needle
 m - 20 stones (quivered)
Armour
 c - a +0 robe (worn)
 d - a +0 cloak (worn)
Jewellery
 l - an uncursed ring of poison resistance {unknown}
 o - an uncursed amulet of magic regeneration {unknown}
Scrolls
 h - a scroll of magic mapping
 n - a scroll of teleportation
Potions
 j - a potion of haste {unknown}
 p - a potion of might {unknown}
Comestibles
 g - 4 bread rations
 k - a meat ration


   Skills:
 + Level 2.0 Fighting
 + Level 2.3 Short Blades
 + Level 2.0 Throwing
 + Level 1.1 Dodging
 + Level 6.1 Stealth


You had 3 spell levels left.
You didn't know any spells.

Dungeon Overview and Level Annotations

Branches:
Dungeon (3/15)

Altars:

Annotations:
D:3 tognito's ghost, amateur MiBe


Innate Abilities, Weirdness & Mutations

You have extremely sharp teeth.
Your natural rate of healing is unusually fast.
When hurt, damage is shared between your health and your magic reserves.
Your bite disrupts and absorbs the magic of your enemies.
Potions and wands cannot restore your health.
You are immune to rotting.


Message History

You throw a stone.
The stone hits tognito's ghost but does no damage.
You hit tognito's ghost but do no damage.
You bite tognito's ghost. You drain its power.
Tognito's ghost is lightly damaged.
Tognito's ghost hits you.
You hit tognito's ghost but do no damage.
Tognito's ghost is lightly damaged.
Tognito's ghost hits you.
You hit tognito's ghost but do no damage.
Tognito's ghost is lightly damaged.
Tognito's ghost hits you.
You hit tognito's ghost but do no damage.
You bite tognito's ghost, but do no damage.
Tognito's ghost is lightly damaged.
Tognito's ghost hits you!
* * * LOW HITPOINT WARNING * * *
Tognito's ghost hits you!
Ouch! That really hurt!
You die...

### ..#
#.# #
#.###....
#@W(..(.(
#####.###


You could see tognito's ghost.

Vanquished Creatures
  2 oozes
  2 worms (D:2)
  A dart slug (D:2)
  2 leopard geckos
  2 bats
  6 goblins
  5 hobgoblins (D:1)
  7 jackals
  6 kobolds
  4 frilled lizards
  9 rats
46 creatures vanquished.

Notes
Turn   | Place    | Note
-------+----------+-------------------------------------------
     0 | D:1      | Scud the Vine Stalker Assassin began the quest for the Orb.
     0 | D:1      | Reached XP level 1. HP: 11/11 MP: 2/2
   176 | D:1      | Reached skill level 5 in Stealth
   176 | D:1      | Reached XP level 2. HP: 15/15 MP: 3/3
   327 | D:1      | Reached XP level 3. HP: 8/18 MP: 4/4
  1027 | D:1      | Reached skill level 6 in Stealth
  1129 | D:2      | Reached skill level 1 in Dodging
  1186 | D:2      | Gained mutation: Your natural rate of healing is unusually fast. [Vine Stalker growth]
  1186 | D:2      | Reached XP level 4. HP: 11/23 MP: 3/5
  2109 | D:3      | Noticed tognito's ghost (amateur MiBe)
  2118 | D:3      | Mangled by tognito's ghost

Skill      XL: |  1  2  3  4 |
---------------+-------------+-----
Stealth        | 5 6 |  6.1
Short Blades   | 2 |  2.3
Dodging        | 1 |  1.1
Fighting       | 2 |  2.0
Throwing       | 2 |  2.0

Action                   |  1- 3 |  4- 6 || total
-------------------------+-------+-------++-------
Melee: Dagger            |   103 |    18 ||   121
       Bite              |    29 |     5 ||    34
 Fire: Blowgun           |     3 |       ||     3
Throw: Stone             |       |     9 ||     9
  Use: Scroll            |     4 |     1 ||     5
       Potion            |     3 |     1 ||     4
 Stab: Sleeping          |     5 |     3 ||     8
  Eat: Chunk             |     1 |       ||     1
       Bread ration      |       |     1 ||     1
Armor: Robe              |    17 |       ||    17
Dodge: Dodged            |    62 |     6 ||    68
